 Dungeon Crawl Stone Soup version 0.30-a0-1094-g860fb061e7 (webtiles) character file.

Game seed: 3105942387315705630

702 themarg the Spear-Bearer (level 7, -14/55 HPs)
             Began as a Merfolk Gladiator on Apr 18, 2023.
             Killed from afar by an acid dragon (21 damage)
             ... with a splash of acid
             ... on level 5 of the Dungeon.
             The game lasted 00:12:19 (4095 turns).

themarg the Spear-Bearer (Merfolk Gladiator)        Turns: 4095, Time: 00:12:20

Health: -14/55     AC:  3    Str: 16    XL:     7   Next: 66%
Magic:  7/7        EV: 14    Int:  7    God:
Gold:   194        SH:  0    Dex: 16    Spells: 6/6 levels left

rFire   + . .      SeeInvis +    a - +0 trident
rCold   x . .      Faith    .    (no shield)
rNeg    . . .      Spirit   .    x - +0 ring mail
rPois   .          Reflect  .    c - +0 helmet
rElec   .          Rampage  .    g - +0 cloak
rCorr   .                        (no gloves)
Will    .....                    (no boots)
Stlth   +                        (no amulet)
HPRegen 0.29/turn                l - ring of see invisible
MPRegen 0.10/turn                v - ring of fire

@: corroded
A: (nimble swimmer 2), mertail
a: no special abilities


You were on level 5 of the Dungeon.
You visited 1 branch of the dungeon, and saw 5 of its levels.

You collected 194 gold pieces.

Inventory:

Hand Weapons
 a - a +0 trident (weapon)
Missiles
 e - a javelin
 f - 31 stones (quivered)
 q - 2 poisoned darts
 C - a boomerang
 D - a silver boomerang
Armour
 c - a +0 helmet (worn)
 g - a +0 cloak (worn)
 r - a +0 buckler
 x - a +0 ring mail (worn)
Jewellery
 l - a ring of see invisible (left hand)
 v - a ring of fire (right hand)
Wands
 w - a wand of flame (1)
Scrolls
 b - 2 scrolls of enchant weapon
 h - a scroll of brand weapon {unknown}
 j - a scroll of summoning {unknown}
 m - a scroll of blinking {unknown}
 s - 3 scrolls of teleportation
 u - a scroll of acquirement {unknown}
 z - a scroll of enchant armour {unknown}
 A - a scroll of poison {unknown}
 B - a scroll of fog {unknown}
Potions
 i - a potion of heal wounds {unknown}
 k - a potion of haste {unknown}
 o - a potion of resistance {unknown}
 p - a potion of mutation {unknown}
 t - a potion of lignification {unknown}


   Skills:
 + Level 4.8 Fighting
 * Level 8.6 Polearms
 - Level 2.0 Throwing
 + Level 6.6 Dodging


You had 6 spell levels left.
You didn't know any spells.
Your spell library contained the following spells:

 Spells                   Type           Power      Damage    Failure   Level
 Lesser Beckoning         Tloc           0%         N/A       80%         2
 Gell's Gravitas          Tloc           0%         N/A       95%         3
 Teleport Other           Tloc           0%         N/A       95%         3


Dungeon Overview and Level Annotations

Branches:
Dungeon (5/15)
 Temple: D:4-7

Altars:
Dithmenos
Elyvilon
Nemelex Xobeh
Uskayaw
Vehumet
Wu Jian
Zin
The Shining One

Annotations:
D:5 5 exclusions


Innate Abilities, Weirdness & Mutations

((You are very nimble when in or above water. (Stealth+, EV+, Speed+++)))
Your lower body shifts to a powerful aquatic tail in water.


Message History

The acid dragon spits acid at you. The splash of acid hits you!!
* * * LOW HITPOINT WARNING * * *
The acid corrodes you!
Reach: a) +0 trident
Press: ? - help, Dir - move target, f - acid dragon
Aim: an acid dragon (severely wounded, catching its breath, about 35% to evade your +0 trident)
You reach to attack!
You hit the acid dragon.
The acid dragon is almost dead.
You closely miss the acid dragon.
The acid dragon is almost dead.
You closely miss the acid dragon.
The acid dragon is almost dead.
The acid dragon closely misses you. The acid dragon barely misses you.
You closely miss the acid dragon.
The acid dragon is almost dead.
The acid dragon bites you.
* * * LOW HITPOINT WARNING * * *
The acid dragon barely misses you.
You barely miss the acid dragon.
The acid dragon is severely wounded.
The acid dragon closely misses you.
The acid dragon claws you but does no damage.
You hit the acid dragon.
The acid dragon is almost dead.
The acid dragon bites you.
* * * LOW HITPOINT WARNING * * *
The acid dragon claws you.
* * * LOW HITPOINT WARNING * * *
Aiming: Fastroot
Press: ? - help, Shift-Dir - straight line, f/p - acid dragon
Aim: an acid dragon (almost dead)
The roots erupt in riotous growth!
Roots grab the acid dragon.
The now-empty wand crumbles to dust.
The grasping roots constrict the acid dragon.
You hear a shout!
The acid dragon spits acid at you. The splash of acid hits you!!
You die...

#. #. #. .. .. ##. #....
.....> #..##. .# .... #
###..#.. .# .... .
.......#.# #..##
.##........# #......
##.... #.##.###.......
###..#.# #.<.....D#....>
#...##.###......@.......
..##...................<
.......†##..PPPPPPP.....
####................####
# #.#..†...P.PPP.P.# #
##.#..†...P.....P.#
###..#......P.._..P.#
#...##......P.....P.#
..####......P.PPP


You could see an acid dragon (catching breath, rooted).

Vanquished Creatures
  A steam dragon (D:5)
  Menkaure (D:4)
  An ogre (D:4)
  A scorpion (D:5)
  A howler monkey (D:4)
  A hound (D:3)
  A sleepcap (D:5)
  Terence (D:3)
  An orc wizard (D:4)
  Robin (D:3)
  6 adders
  4 worms
  6 dart slugs
  8 orcs
  2 ball pythons (D:2)
  4 endoplasms
  4 giant cockroaches
  18 goblins
  6 hobgoblins
  7 jackals
  8 quokkas
  2 bats
  4 frilled lizards
  7 kobolds
  5 rats
101 creatures vanquished.

Notes
Turn   | Place    | Note
-------+----------+-------------------------------------------
     0 | D:1      | themarg the Merfolk Gladiator began the quest for the Orb.
     0 | D:1      | Reached XP level 1. HP: 16/16 MP: 1/1
   198 | D:1      | Found a faded altar of an unknown god.
   230 | D:1      | Reached XP level 2. HP: 23/23 MP: 2/2
   779 | D:2      | Reached XP level 3. HP: 10/28 MP: 3/3
   910 | D:2      | Found an ornate altar of the Wu Jian Council.
  1038 | D:2      | Reached skill level 5 in Polearms
  1271 | D:2      | You fall into a shaft and drop 1 floor!
  1279 | D:3      | Noticed Terence
  1294 | D:3      | Found a radiant altar of Vehumet.
  1319 | D:3      | Reached XP level 4. HP: 34/34 MP: 4/4
  1860 | D:2      | Reached skill level 5 in Dodging
  1994 | D:2      | Reached XP level 5. HP: 41/41 MP: 5/5
  2071 | D:3      | Reached skill level 6 in Polearms
  2151 | D:3      | Killed Terence
  2309 | D:3      | Noticed Robin
  2335 | D:3      | Killed Robin
  2726 | D:3      | Found an ornate altar of the Wu Jian Council.
  2815 | D:4      | Noticed Menkaure
  2834 | D:3      | Reached XP level 6. HP: 48/48 MP: 6/6
  3044 | D:4      | Found a glowing silver altar of Zin.
  3044 | D:4      | Found a white marble altar of Elyvilon.
  3045 | D:4      | Found a glowing golden altar of the Shining One.
  3092 | D:4      | Reached skill level 7 in Polearms
  3092 | D:4      | Killed Menkaure
  3240 | D:4      | Found a hide-covered altar of Uskayaw.
  3264 | D:4      | Reached XP level 7. HP: 55/55 MP: 7/7
  3270 | D:4      | Found a sparkling altar of Nemelex Xobeh.
  3830 | D:5      | Entered Level 5 of the Dungeon
  3858 | D:5      | Reached skill level 8 in Polearms
  3888 | D:5      | Noticed a steam dragon
  3906 | D:5      | Killed a steam dragon
  3914 | D:5      | Found a shadowy altar of Dithmenos.
  4095 | D:5      | Killed from afar by an acid dragon

Illustrated notes

Levels and vault maps discovered:
D:1:      evilmike_arrival_rings, layout_loops_ring,
          chequers_ecumenical_altar_simple_redux
D:2:      layout_loops_ring, basic_altar, minmay_heptomino_h4
D:3:      kennysheep_goblin_castle, layout_loops_ring, vehumet_altar_wand_db,
          pdpol_wu_jian_five_deadly_venoms, uniq_terence
D:4:      layout_loops_cross, good_gods_mini_temple,
          mainiacjoe_overflow_24_doors, mainiacjoe_overflow_small_starburst,
          nicolae_figureground_sparkle, uniq_menkaure
D:5:      layout_rooms, mainiacjoe_overflow_cross_hatched,
          evilmike_ruin_ashenzari, enter_ossuary_4, st_stairs_9

Skill      XL: |  1  2  3  4  5  6  7 |
---------------+----------------------+-----
Polearms       | 5 6 7 8 |  8.6
Fighting       | 3 4 |  4.8
Dodging        | 5 6 |  6.6
Throwing       | |  2.0

Action                     |  1- 3 |  4- 6 |  7- 9 || total
---------------------------+-------+-------+-------++-------
  Melee: Trident           |   114 |   202 |    47 ||   363
         Tailslap          |       |     3 |       ||     3
         Punch             |       |     2 |       ||     2
  Throw: Dart              |     2 |     6 |       ||     8
         Throwing net      |       |     4 |       ||     4
         Stone             |       |     4 |       ||     4
         Javelin           |       |     1 |       ||     1
  Evoke: Wand              |       |     3 |     5 ||     8
    Use: Scroll            |       |       |     4 ||     4
         Potion            |       |       |     1 ||     1
   Stab: Sleeping          |     4 |     1 |       ||     5
         Held in net/web   |       |     1 |       ||     1
 Armour: Leather armour    |    15 |     9 |       ||    24
         Ring mail         |       |    39 |    16 ||    55
  Dodge: Dodged            |    46 |    98 |    24 ||   168

Table legend: (Time is in decaauts)
 A = Elapsed time spent in this place.
 B = Non-inter-level travel time spent in this place.
 C = Inter-level travel time spent in this place.
 D = Time resting spent in this place.
 E = Time spent auto-exploring this place.
 F = Levels seen in this place.
 G = Mean time per level.
                   A        B        C        D        E       F      G
               +--------+--------+--------+--------+--------+-----+--------+
         Total |   4088 |   3964 |    124 |    635 |   2331 |   5 |  817.6 |
       Dungeon |   4088 |   3964 |    124 |    635 |   2331 |   5 |  817.6 |
               +--------+--------+--------+--------+--------+-----+--------+

Top non-repeatable levels by time:
     D:3: 1339 daAuts
     D:4: 1079 daAuts
     D:2: 831 daAuts
     D:1: 758 daAuts
     D:5: 80 daAuts
